Get step-by-step instructions on how to execute this build order below. Start the game timer, and the build order will tick by so you can play in parallel with StarCraft on a second screen or mobile device.

Game Time

  0:00

Last Step

  N/A

Next Step

Upcoming Step



Don't want to look back and forth between 2 screens? Try out our Overwolf App, the Spawning Tool Build Advisor to get an in-game overlay with this build!

Complete Build Order

  12  0:01  SCV  
  13  0:14  Supply Depot  
  13  0:19  SCV  
  14  0:31  SCV  
  15  0:43  SCV  
  15  0:49  Barracks  
  16  0:55  SCV  
  17  1:05  Barracks  
  17  1:09  SCV  
  18  1:21  SCV, Refinery  
  19  1:33  SCV  
  19  1:36  Marine  
  19  1:37  Supply Depot  
  21  1:45  SCV  
  22  1:47  Refinery  
  22  1:52  Marine  
  23  1:59  SCV  
  24  2:05  Marine  
  25  2:10  Marine  
  25  2:11  SCV  
  27  2:48  Orbital Command, Factory  
  27  2:51  Command Center  
  27  2:58  Barracks Reactor, Barracks Tech Lab  
  27  3:19  Marauder  
  29  3:24  SCV  
  30  3:36  SCV  
  31  3:41  Command Center  
  31  3:47  Factory Tech Lab  
  31  3:58  Engineering Bay  
  31  4:01  Supply Depot  
  31  4:09  Supply Depot  
  31  4:17  Orbital Command  
  31  4:26  Siege Tank  
  34  4:38  Missile Turret  
  34  4:39  SCV  
  35  4:46  SCV  
  35  4:49  Marauder  
  35  4:50  Marine x2  
  35  4:51  SCV  
  41  4:58  Siege Tank  
  44  5:03  Orbital Command  
  44  5:07  Refinery  
  44  5:10  Refinery  
  44  5:14  Hi-Sec Auto Tracking  
  44  5:23  Missile Turret  
  44  5:29  Starport  
  44  5:34  SCV x3  
  47  5:35  Starport  
  47  5:46  SCV x3  
  50  5:52  Refinery  
  50  5:59  Missile Turret  
  50  6:05  SCV x3  
  50  6:09  Starport Tech Lab  
  53  6:14  Starport Tech Lab  
  53  6:17  Neosteel Armor  
  53  6:19  Sensor Tower  
  53  6:25  Armory  
  53  6:26  Armory  
  53  6:29  Fusion Core  
  53  6:30  Widow Mine  
  55  6:34  Medivac  
  57  6:47  SCV  
  58  6:51  Widow Mine  
  60  6:59  SCV  
  61  7:03  Command Center  
  61  7:08  Raven  
  61  7:11  SCV  
  61  7:12  SCV x2  
  66  7:16  Terran Ship Weapons Level 1, Terran Vehicle And Ship Armor Level 1  
  66  7:23  SCV  
  67  7:39  Refinery  
  62  7:54  Widow Mine  
  62  7:56  Battlecruiser  
  67  7:59  Weapon Refit  
  67  8:07  Cloaking Field  
  67  8:10  Banshee  
  70  8:20  Command Center  
  70  8:22  Orbital Command  
  70  8:25  Command Center  
  70  8:46  Orbital Command  
  70  8:50  Terran Infantry Weapons Level 1  
  70  8:53  Banshee  
  62  9:29  SCV x4  
  62  9:31  Barracks  
  66  9:34  Barracks Tech Lab  
  66  9:41  Orbital Command, SCV x2  
  66  9:43  Orbital Command  
  68  9:46  Terran Vehicle Weapons Level 1, Terran Vehicle And Ship Armor Level 2  
  68  9:50  Battlecruiser  
  74  10:02  Bunker  
  74  10:04  Supply Depot  
  74  10:11  SCV x4  
  74  10:12  SCV  
  79  10:18  Refinery  
  79  10:24  Marine  
  79  10:25  Marine  
  81  10:31  Missile Turret  
  81  10:36  Missile Turret  
  81  10:37  Barracks  
  81  10:41  Barracks  
  81  10:42  Marine x2, Battlecruiser  
  87  10:47  Refinery  
  89  10:54  Battlecruiser  
  95  10:59  Command Center  
  95  11:06  Terran Infantry Weapons Level 2  
  95  11:12  Siege Tank  
  98  11:20  Marine  
  98  11:21  Marauder  
  101  11:27  Barracks Reactor  
  101  11:35  Supply Depot  
  101  11:38  Marine  
  101  11:39  Terran Ship Weapons Level 2  
  102  11:43  Barracks Reactor  
  102  11:57  Supply Depot  
  96  12:15  Planetary Fortress  
  96  12:20  Marine x2  
  96  12:21  Marine x4, Missile Turret  
  102  12:28  Battlecruiser x2  
  114  12:38  Marine x3  
  114  12:39  Command Center, Marine x2  
  120  12:47  Siege Tank  
  123  12:56  Marine x2  
  103  13:24  Orbital Command  
  103  13:26  Barracks  
  103  13:29  Barracks  
  103  13:32  Supply Depot x2  
  103  13:33  Siege Tank  
  106  13:37  Battlecruiser  
  106  13:39  Terran Infantry Armor Level 1  
  106  13:41  Terran Vehicle Weapons Level 2  
  112  13:58  SCV  
  112  13:59  SCV x5  
  118  14:05  Siege Tank  
  121  14:24  Refinery  
  121  14:40  Orbital Command, Starport  
  121  14:42  Starport  
  121  14:45  Command Center  
  121  14:49  Starport  
  121  14:55  Supply Depot  
  121  14:57  Missile Turret  
  121  14:59  Drilling Claws  
  121  15:02  Supply Depot  
  121  15:03  Widow Mine  
  123  15:15  Refinery  
  123  15:24  Starport Tech Lab x2  
  123  15:25  Widow Mine  
  123  15:27  Starport Tech Lab  
  125  15:33  Terran Infantry Weapons Level 3  
  125  15:34  Terran Ship Weapons Level 3  
  125  15:46  Widow Mine  
  127  15:57  Terran Vehicle And Ship Armor Level 3  
  127  16:00  Battlecruiser x2  
  127  16:01  Battlecruiser x2  
  127  16:02  Battlecruiser  
  157  16:07  Widow Mine  
  159  16:25  Missile Turret  
  159  16:29  Orbital Command, Widow Mine  
  161  16:42  Barracks Tech Lab  
  161  16:44  Barracks Reactor  
  161  16:47  Missile Turret  
  161  17:04  Raven  
  161  17:05  Battlecruiser  
  161  17:07  Missile Turret  
  169  17:09  Battlecruiser  
  175  17:18  Medivac x2  
  175  17:22  Combat Shield  
  179  17:47  Banshee  
  179  17:48  Banshee x2  
  188  18:08  Banshee  
  191  18:13  Banshee  
  194  18:20  Terran Infantry Armor Level 2  
  187  18:51  Marine  
  187  18:52  Marine x4  
  147  19:08  Viking x3  
  147  19:09  Marine x3  
  144  19:10  Marine  
  140  19:27  Marine x2  
  141  19:38  Viking x2  
  133  19:45  Marine  
  133  19:46  Marine  
  123  20:08  Viking  
  112  20:38  Viking  
  114  21:08  Viking  
  114  21:10  Barracks  
  113  21:14  Barracks  
  113  21:16  Barracks  
  113  21:38  Viking  
  115  22:08  Viking  
  117  22:21  Barracks Reactor x3  
  117  22:23  Factory  
  117  22:38  Viking  
  119  23:03  Terran Vehicle Weapons Level 3  
  119  23:07  Marine x4  
  119  23:08  Marine x2  
  125  23:14  Command Center  
  125  23:17  Command Center x2  
  125  23:18  Command Center  
  125  23:24  Marine  
  125  23:25  Marine x4  
  130  23:35  Marine  
  131  23:42  Marine  
  132  23:49  Marine x3, Raven  
  137  24:25  Marine x3  
  137  24:26  Marine x3  
  137  24:31  Orbital Command x4  
  143  24:32  Medivac  
  143  24:34  Fusion Core, Starport x2  
  143  24:37  Starport  
  145  24:40  Factory Tech Lab  
  145  24:43  Marine x4  
  145  24:44  Marine x2  
  151  25:01  Marine x4  
  151  25:02  Medivac  
  157  25:09  Marine  
  157  25:10  Marine  
  159  25:18  Marine  
  159  25:19  Marine x3  
  163  25:22  Barracks  
  163  25:24  Barracks  
  163  25:31  Command Center  
  163  25:32  Medivac  
  165  25:36  Orbital Command  
  165  25:57  Marine  
  166  26:18  Command Center  
  135  26:26  Marine x2  
  135  26:27  Marine x6  
  105  26:44  Marine x3  
  105  26:45  Marine x5  
  95  27:02  Marine x5  
  95  27:03  Marine x3  
  103  27:14  Medivac x2  
  103  27:15  Medivac x2  
  93  27:20  Marine x5  
  93  27:21  Marine x3  
  91  27:38  Marine x7  
  91  27:39  Marine  
  92  27:44  Medivac x2  
  92  27:47  Orbital Command  
  92  27:48  Orbital Command  
  94  27:54  Orbital Command  
  94  27:55  Marine x2  
  94  27:56  Marine x5  
  94  27:57  Marine  
  94  27:58  Refinery  
  102  28:07  Thor  
  108  28:13  Marine x2  
  108  28:14  Marine x3  
  113  28:21  Marine x2  
  113  28:22  Marine  
  116  28:41  Refinery  
  116  28:44  Refinery  
  116  28:45  Missile Turret  
  116  28:46  Missile Turret  
  116  28:47  Missile Turret  
  116  28:48  Marine  
  116  28:49  Refinery, Marine x5  
  116  28:50  Marine x2  
  103  29:06  Marine  
  103  29:07  Marine x6  
  103  29:08  Marine  
  65  29:23  Viking x2  
  65  29:24  Viking x2, Marine x3  
  66  29:25  Marine x5  
  73  29:42  Marine x4  
  73  29:43  Marine x2  
  79  29:49  Missile Turret  
  79  29:53  Viking x2  
  79  29:54  Viking  
  85  30:03  Thor  
  66  30:18  Marine x3  
  66  30:19  Marine x5  
  70  30:36  Marine x3  
  75  30:47  Widow Mine  
  77  30:53  Marine x5  
  77  30:54  Marine x3  
  80  31:08  Barracks  
  80  31:10  Barracks  
  80  31:11  Barracks, Marine x6  
  80  31:12  Marine x2  
  80  31:28  Marine  
  78  31:35  Marine x5  
  78  31:36  Marine x2  
  80  31:46  Marine  
  73  31:53  Marine x6  
  73  31:54  Marine  
  66  32:04  Marine  
  65  32:10  Marine  
  65  32:11  Marine x2  
  65  32:13  Marine x4  
  69  32:22  Marine x2  
  64  32:23  Marine  
  64  32:28  Marine x2  
  64  32:29  Marine  
  69  32:31  Marine x4  
  73  32:40  Marine  
  71  33:16  Marine x4  
  71  33:17  Marine x3  
  76  33:24  Supply Depot  
  76  33:26  Supply Depot x2  
  76  33:37  Factory  
  76  33:46  Marine  
  68  34:05  Marine x4  
  68  34:06  Marine x6  
  78  34:23  Marine x3  
  81  34:26  Marine x3  
  82  34:35  Marine x2  
  51  34:49  Marine x2  
  53  35:05  Factory Tech Lab  
  53  35:15  Starport  
  53  35:31  Marine  
  53  35:32  Marine x6  
  53  35:33  Marine x3  
  63  35:49  Marine x2  
  65  36:01  Starport Tech Lab  
  65  36:07  Command Center  
  65  36:09  Marine x4  
  65  36:10  Marine  
  70  36:18  SCV  
  71  36:26  Raven  
  71  36:30  SCV  
  74  36:35  Refinery  
  74  37:09  Raven  
  76  37:20  SCV  
  78  37:24  Orbital Command  
  70  37:52  Medivac  
  62  38:09  Marine x5  
  62  38:10  Marine x5  
  72  38:21  Widow Mine  
  72  38:22  Banshee  
  72  38:26  Marine  
  72  38:27  Marine x5  
  83  38:42  Widow Mine  
  85  39:03  Widow Mine  
  85  39:05  Banshee  
  85  39:09  Command Center  
  90  39:21  Command Center  
  90  39:22  Starport  
  89  39:48  Viking  
  91  39:59  Starport  
  91  40:04  Marine  
  91  40:05  Marine x6  
  91  40:06  Marine x3  
  91  40:22  Marine x2  
  91  40:23  Marine x4  
  66  40:28  Marine  
  66  40:29  Marine x3  
  66  40:33  Command Center  
  68  40:40  Marine x3  
  68  40:41  Marine x3  
  74  40:46  Marine  
  74  40:47  Marine  
  76  40:59  Orbital Command  
  76  41:09  Marine x3  
  76  41:10  Marine x5  
  84  41:12  Command Center  
  84  41:42  Starport Tech Lab  
  84  41:43  Starport Tech Lab  
  79  41:49  Marine x5  
  79  41:50  Marine x2  
  79  41:51  Marine  
  78  42:05  Medivac  
  62  42:24  Viking x2  
  64  42:35  Viking  
  46  42:51  Marine x2  
  46  42:54  Viking x2  
  33  43:04  Marine